 Dungeon Crawl Stone Soup version 0.28-a0-563-gf77a47075d (webtiles) character file.

Game seed: 15692513838497296598

373 porpoise the Magician (level 6, -2/32 HPs)
             Began as a Deep Elf Conjurer on Oct 1, 2021.
             Slain by an ogre (16 damage)
             ... on level 5 of the Dungeon.
             The game lasted 00:14:21 (5485 turns).

porpoise the Magician (Deep Elf Conjurer)           Turns: 5485, Time: 00:14:22

Health: -2/32      AC:  4    Str:  4    XL:     6   Next: 43%
Magic:  9/17       EV: 12    Int: 25    God:
Gold:   280        SH:  0    Dex: 13    Spells: 6/17 levels left

rFire   . . .      SeeInvis .   b - +1 hunting sling
rCold   . . .      Faith    .   (no shield)
rNeg    . . .      Spirit   .   c - +0 robe
rPois   .          Reflect  .   h - +0 helmet
rElec   .          Harm     .   t - +0 cloak
rCorr   .          Rampage  .   (no gloves)
Will    .....                   (no boots)
Stlth   ++........              (no amulet)
HPRegen 0.10/turn               (no ring)
MPRegen 0.15/turn               (no ring)

@: no status effects
A: no striking features
a: no special abilities


You were on level 5 of the Dungeon.
You visited 1 branch of the dungeon, and saw 5 of its levels.

You collected 280 gold pieces.

Inventory:

Hand Weapons
 a - a +2 vampiric whip
 b - a +1 hunting sling (weapon)
 g - a +0 short sword of speed
 s - a +2 dagger of freezing
Missiles
 d - 152 stones (quivered ammo)
 l - 39 sling bullets
 o - 8 poisoned darts
Armour
 c - a +0 robe (worn)
 h - a +0 helmet (worn)
 t - a +0 cloak (worn)
 y - a +0 buckler
Jewellery
 e - an amulet of faith
 p - an amulet of guardian spirit
Scrolls
 f - a scroll of magic mapping {unknown}
 m - 2 scrolls of immolation
 n - a scroll of teleportation
 q - a scroll of enchant weapon
 r - a scroll of fear
 u - a scroll of enchant armour {unknown}
 x - a scroll of identify
Potions
 i - a potion of flight
 j - 3 potions of resistance {unknown}
 k - 2 potions of lignification
 v - a potion of curing {unknown}
 w - a potion of cancellation {unknown}


   Skills:
 - Level 2.4 Dodging
 - Level 2.4 Stealth
 + Level 6.4 Spellcasting
 - Level 5.7 Conjurations
 + Level 4.6 Hexes


You had 6 spell levels left.
You knew the following spells:

 Your Spells              Type           Power      Damage    Failure   Level
a - Magic Dart            Conj           100%       1d8       1%          1
b - Searing Ray           Conj           72%        2d7       1%          2
c - Fulminant Prism       Conj/Hex       17%        3d11      9%          4
d - Iskenderun's Mystic   Conj/Tloc      22%        2d6       22%         4

Your spell library contained the following spells:

 Spells                   Type           Power      Damage    Failure   Level
 Dazzling Flash           Conj/Hex       68%        N/A       2%          3
 Portal Projectile        Hex/Tloc       38%        N/A       9%          3
 Mephitic Cloud           Conj/Pois/Air  17%        N/A       10%         3
 Call Canine Familiar     Summ           8%         N/A       22%         3
 Ignite Poison            Fire/Tmut/Pois 8%         N/A       22%         3
 Leda's Liquefaction      Hex/Erth       9%         N/A       26%         4
 Freezing Cloud           Conj/Ice/Air   8%         6-21      65%         5


Dungeon Overview and Level Annotations

Branches:
Dungeon (5/15)
 Temple: D:4-7

Altars:
Cheibriados
Dithmenos
Nemelex Xobeh

Annotations:
D:4 2 runed translucent doors, BigDaddyOpFi's ghost, amateur TrTm


Message History

d - 152 stones (gained 17)
An ogre comes into view. It is wielding a +0 giant club.
You see here 18 gold pieces.
Casting: Searing Ray (safe; 1% risk of failure)
Confirm with . or Enter, or press ? or * to list all spells.
Okay, then.
Unknown command.
Casting: Searing Ray (safe; 1% risk of failure)
Confirm with . or Enter, or press ? or * to list all spells.
Aiming: Searing Ray (safe; 1% risk of failure)
Press: ? - help, Shift-Dir - straight line, f - ogre
Aim: an ogre, wielding a +0 giant club (asleep, 100% to hit)
The searing ray hits the ogre.
The ogre is lightly wounded.
The ogre shouts! (Press . to maintain the ray.)
The searing ray hits the ogre.
The ogre is moderately wounded.
The searing ray misses the ogre.
The ogre misses you.
The searing ray hits the ogre!
The ogre is heavily wounded.
You finish channelling your searing ray.
Casting: Searing Ray (safe; 1% risk of failure)
Confirm with . or Enter, or press ? or * to list all spells.
Aiming: Searing Ray (safe; 1% risk of failure)
Press: ? - help, Shift-Dir - straight line, f/p - ogre
Aim: an ogre, wielding a +0 giant club (heavily wounded, 91% to hit)
The searing ray hits the ogre.
The ogre is severely wounded. (Press . to maintain the ray.)
The ogre misses you.
The searing ray hits the ogre.
The ogre is severely wounded.
The ogre hits you with a +0 giant club!!
Ouch! That really hurt!
The searing ray hits the ogre.
The ogre is almost dead.
The ogre hits you with a +0 giant club!
Ouch! That really hurt!
You die...

.. #####....
#.O...... #@#
#.#### ######### #
#....###.......###
#...#.#.#.....#.#.
#..#..#..#...#..#.
#.#...#...#.#...#.
#.................
#..###....###.....
##.# #...#.#.#...†


You could see an ogre.

Vanquished Creatures
  A scorpion (D:4)
  An orc priest (D:4)
  A jelly (D:4)
  An orc wizard (D:4)
  A howler monkey zombie (D:3)
  9 adders
  A gnoll (D:1)
  A shadow imp (D:5)
  An adder skeleton (D:5)
  2 worms (D:3)
  A dart slug (D:1)
  9 orcs
  8 bats
  11 endoplasms
  7 giant cockroaches
  8 goblins
  5 hobgoblins
  7 jackals
  6 kobolds
  4 quokkas
  8 ball pythons
  2 frilled lizards (D:2)
  4 rats
99 creatures vanquished.

Notes
Turn   | Place    | Note
-------+----------+-------------------------------------------
     0 | D:1      | porpoise the Deep Elf Conjurer began the quest for the Orb.
     0 | D:1      | Reached XP level 1. HP: 10/10 MP: 6/6
   278 | D:1      | Reached XP level 2. HP: 15/15 MP: 5/8
   307 | D:1      | Learned a level 2 spell: Searing Ray
   518 | D:1      | Reached skill level 5 in Conjurations
   522 | D:1      | Reached XP level 3. HP: 19/19 MP: 5/10
  1422 | D:2      | Reached skill level 4 in Spellcasting
  1663 | D:2      | Found a faded altar of an unknown god.
  2055 | D:3      | Reached XP level 4. HP: 24/24 MP: 3/12
  2224 | D:3      | Learned a level 4 spell: Fulminant Prism
  2229 | D:3      | Learned a level 4 spell: Iskenderun's Mystic Blast
  2383 | D:3      | Reached skill level 1 in Hexes
  3127 | D:3      | Found a shadowy altar of Dithmenos.
  3265 | D:3      | Found a snail-covered altar of Cheibriados.
  3485 | D:3      | Reached XP level 5. HP: 24/28 MP: 10/14
  3646 | D:4      | Reached skill level 5 in Spellcasting
  3746 | D:4      | Found a sparkling altar of Nemelex Xobeh.
  4189 | D:4      | Reached XP level 6. HP: 32/32 MP: 13/16
  4312 | D:4      | Found a runed translucent door.
  4316 | D:4      | Noticed BigDaddyOpFi's ghost (amateur TrTm)
  4321 | D:4      | Reached skill level 6 in Spellcasting
  4958 | D:4      | Found a runed translucent door.
  4988 | D:5      | Entered Level 5 of the Dungeon
  5485 | D:5      | Slain by an ogre

Illustrated notes

Levels and vault maps discovered:
D:1:      beargit_arrival_greenhouse, layout_loops_ring, serial_aquarium,
          aquarium_bridge_long_joined [aquarium_subvault_wall,
          aquarium_subvault_bridge, aquarium_subvault_bridge,
          aquarium_subvault_bridge, aquarium_subvault_window,
          aquarium_subvault_window], aquarium_bridge_straight
          [aquarium_subvault_bridge, aquarium_subvault_wall,
          aquarium_subvault_bridge, aquarium_subvault_window],
          aquarium_window_corridor_3, aquarium_window_corner,
          aquarium_window_fake, aquarium_view_2a, aquarium_view_4,
          aquarium_pool_2
D:2:      cheibrodos_old_hovel, layout_loops_ring,
          shapermc_ecumenical_altar_flowoftime
D:3:      layout_basic, nicolae_dithmenos_the_darkroom, lemuel_tele_altar,
          minmay_misc_feat_x
D:4:      layout_rooms, nemelex_xobeh_ov_fountains_minmay,
          ebering_ghost_sewer_f, moated_statue
D:5:      layout_basic, chequers_serial_rivers_micro_b, minivault_24,
          hangedman_decor_diamond_cutter

Skill      XL: |  1  2  3  4  5  6 |
---------------+-------------------+-----
Conjurations   | 5 |  5.7
Spellcasting   | 4 5 6 |  6.4
Hexes          | 2 3 4 |  4.6
Dodging        | |  2.4
Stealth        | |  2.4

Action                   |  1- 3 |  4- 6 || total
-------------------------+-------+-------++-------
 Fire: Hunting sling     |       |    56 ||    56
 Cast: Magic Dart        |    58 |    10 ||    68
       Searing Ray       |     6 |    41 ||    47
  Use: Scroll            |       |     6 ||     6
Armor: Robe              |     2 |     8 ||    10
Dodge: Dodged            |     1 |    11 ||    12

Table legend: (Time is in decaauts)
 A = Elapsed time spent in this place.
 B = Non-inter-level travel time spent in this place.
 C = Inter-level travel time spent in this place.
 D = Time resting spent in this place.
 E = Time spent auto-exploring this place.
 F = Levels seen in this place.
 G = Mean time per level.
                   A        B        C        D        E       F      G
               +--------+--------+--------+--------+--------+-----+--------+
         Total |   5498 |   5391 |    107 |   2391 |   2352 |   5 | 1099.6 |
       Dungeon |   5498 |   5391 |    107 |   2391 |   2352 |   5 | 1099.6 |
               +--------+--------+--------+--------+--------+-----+--------+

Top non-repeatable levels by time:
     D:3: 1573 daAuts
     D:4: 1451 daAuts
     D:1: 1064 daAuts
     D:2: 923 daAuts
     D:5: 485 daAuts
